Map: Hard Lead LE

Players

Highdra

  • Race: Protoss Protoss
  • Spawn Location: 11:00

CoffeeAme - Winner!

  • Race: Terran Terran
  • League: Master
  • Spawn Location: 5:00

VOD

Have the link to the VOD?

Description

Time

  • Played on: Dec. 18, 2023, 1:05 p.m.
  • Length: 7:37
Show
View Real Time Build Order
Export as new Build Order

Highdra Protoss 

Build Orders: 1 Gate Expand, Blink Stalkers 

Get SALT Encoding   

  12  0:00  Probe  
  13  0:12  Probe  
  14  0:18  Pylon  
  14  0:24  Probe (Chrono Boost)  
  15  0:37  Probe (Chrono Boost)  
  15  0:39  Gateway  
  16  0:45  Probe (Chrono Boost)  
  16  0:46  Assimilator  
  17  0:51  Probe  
  18  1:03  Probe  
  19  1:15  Probe  
  20  1:27  Cybernetics Core  
  22  1:35  Nexus  
  20  1:41  Pylon  
  20  1:43  Probe  
  21  1:49  Assimilator  
  21  1:55  Probe  
  22  2:06  Stalker (Chrono Boost)  
  22  2:08  Warp Gate, Probe  
  24  2:20  Probe  
  25  2:26  Stalker (Chrono Boost)  
  27  2:32  Probe  
  27  2:36  Twilight Council  
  29  2:45  Probe (Chrono Boost)  
  29  2:51  Probe (Chrono Boost)  
  29  2:54  Shield Battery  
  31  3:01  Probe x2 (Chrono Boost)  
  32  3:06  Probe (Chrono Boost)  
  32  3:08  Blink (Chrono Boost), Probe  
  32  3:10  Gateway  
  34  3:18  Probe  
  35  3:20  Probe  
  36  3:28  Robotics Facility  
  36  3:38  Probe x2  
  31  3:50  Probe x2  
  31  3:56  Stalker  
  33  4:02  Probe  
  33  4:03  Probe  
  33  4:07  Gateway  
  35  4:13  Gateway  
  35  4:15  Probe (Chrono Boost)  
  35  4:17  Probe (Chrono Boost)  
  37  4:22  Observer  
  38  4:27  Probe (Chrono Boost)  
  40  4:32  Stalker x2, Probe (Chrono Boost), Pylon  
  40  4:33  Probe (Chrono Boost)  
  45  4:39  Probe  
  46  4:49  Warp Prism  
  46  4:50  Probe  
  49  4:54  Pylon  
  49  5:02  Stalker x2  
  53  5:08  Pylon  
  53  5:16  Stalker x2  
  57  5:25  Nexus  
  59  5:42  Probe x2  
  59  5:47  Observer  
  59  5:48  Stalker x3  
  59  5:49  Stalker  
  61  6:03  Probe x2  
  60  6:13  Assimilator  
  60  6:14  Assimilator  
  60  6:15  Probe (Chrono Boost)  
  60  6:16  Probe (Chrono Boost)  
  61  6:22  Robotics Bay  
  61  6:24  Forge  
  61  6:27  Probe (Chrono Boost)  
  61  6:28  Probe (Chrono Boost)  
  63  6:33  Probe x2 (Chrono Boost)  
  66  6:40  Probe  
  66  6:42  Probe x2  
  68  6:49  Shield Battery  
  68  6:51  Pylon  
  64  7:01  Stalker x3  
  64  7:05  Shield Battery  
  66  7:15  Probe  
  67  7:24  Probe x2  
Show
View Real Time Build Order
Export as new Build Order

CoffeeAme Terran - Winner!

Build Orders:  

Get SALT Encoding   

  12  0:00  SCV  
  13  0:12  SCV  
  14  0:17  Supply Depot  
  14  0:24  SCV  
  15  0:38  SCV  
  15  0:39  Barracks  
  15  0:42  Refinery  
  16  0:50  SCV  
  16  0:52  Refinery  
  17  1:02  SCV  
  18  1:14  SCV  
  19  1:27  Orbital Command, Reaper  
  19  1:28  Supply Depot  
  20  1:42  Factory  
  20  1:54  SCV  
  21  1:59  Barracks Reactor  
  21  2:06  SCV  
  22  2:18  SCV  
  22  2:21  Command Center  
  23  2:25  Hellion  
  25  2:30  SCV  
  25  2:36  Reaper x2  
  28  2:40  Supply Depot  
  28  2:42  SCV  
  29  2:48  Hellion  
  31  2:56  Starport  
  31  3:02  SCV  
  32  3:09  Marine x2  
  32  3:10  Factory Tech Lab  
  34  3:14  SCV  
  35  3:23  Refinery  
  35  3:26  SCV  
  36  3:28  Siege Tank  
  36  3:32  Marine x2  
  41  3:37  SCV  
  37  3:50  Marine x2  
  37  3:54  SCV  
  37  3:55  Orbital Command  
  39  3:57  Starport Tech Lab  
  39  4:04  Siege Tank  
  39  4:06  Barracks  
  39  4:07  SCV  
  42  4:10  Marine x2  
  44  4:18  Raven  
  44  4:20  SCV  
  44  4:22  SCV  
  48  4:26  Barracks  
  48  4:32  SCV  
  48  4:35  Supply Depot, Marine x2  
  51  4:40  SCV  
  51  4:44  SCV  
  53  4:48  Engineering Bay  
  53  4:52  SCV  
  54  4:54  Supply Depot  
  54  4:57  SCV  
  55  5:02  Supply Depot, Stimpack  
  55  5:04  SCV  
  56  5:08  Marine x3  
  56  5:09  SCV, Starport Reactor, Factory Reactor  
  60  5:15  Terran Infantry Weapons Level 1  
  60  5:16  SCV  
  60  5:21  Supply Depot, SCV  
  60  5:22  Combat Shield  
  60  5:28  SCV  
  62  5:30  Supply Depot, Marine x2  
  62  5:33  SCV  
  65  5:36  Marauder x2  
  65  5:41  SCV  
  65  5:42  Supply Depot  
  70  5:45  SCV  
  70  5:48  Marine x2  
  73  5:53  Medivac x2  
  73  5:54  Supply Depot, SCV  
  78  5:58  SCV  
  73  6:05  Marauder x2  
  73  6:08  Marine x2  
  73  6:10  SCV x2  
  81  6:16  Supply Depot  
  81  6:19  Supply Depot  
  81  6:22  Widow Mine x2  
  85  6:29  Supply Depot, Refinery  
  85  6:30  Supply Depot  
  84  6:34  Marauder x2  
  84  6:36  Marine x2  
  88  6:41  SCV x2  
  88  6:43  Concussive Shells  
  89  7:00  Marauder  
  89  7:01  Marine, Marauder  
  93  7:02  Marine  
  93  7:08  Widow Mine x2  
  100  7:28  Command Center  
Tags
 
Composition
Blink Stalkers
League
Master
Matchup
PvT
Player
HiGhDrA
Replay Pack
December 2023
Spawn Locations
Cross Positions
Add a new tag
Caveats
  • Supply blocks, unpowered buildings, or Contaminate may cause inaccurate times.
  • Supply counts are checked every 10 seconds.